[Event "NSV chessemy IM 2022"]
[Site "Braunschweig"]
[Date "2022.08.04"]
[Round "6.5"]
[White "von Mettenheim, Johannes"]
[Black "Voege, Tobias"]
[Result "1-0"]
[ECO "E43"]
[WhiteElo "2253"]
[BlackElo "2272"]
[Annotator "TA"]
[PlyCount "69"]
[EventDate "2022.07.30"]
[EventType "tourn"]
[EventCountry "GER"]
[SourceTitle "playchess.com"]
[Source "ChessBase"]
[SourceQuality "1"]
[TimeControl "40/5400+30:1800+30"]

1. d4 e6 2. c4 b6 3. Nf3 Bb7 4. Nc3 Bb4 5. Qc2 Nf6 6. e3 O-O 7. Bd3 d5 8. O-O Re8 {[%emt 0:05:21] E43: Nimzo-Indian: Rubinstein: 4...b6.} 9. Bd2 Nbd7 {[%emt 0:01:54] [#]} (9... dxc4 $11 10. Bxc4 Nbd7) 10. Nxd5 $146 {[%emt 0:08:29] White is more active.} ({Predecessor:} 10. cxd5 exd5 11. Nb5 Bf8 12. Qxc7 Ba6 13. Qxd8 Rexd8 14. Rfc1 Ne4 15. Bf1 Nxd2 16. Nxd2 Bxb5 17. Bxb5 {½-½ (78) Ignatovic,E (1603)-Maroroa,S (1987) Gatwick 2011}) 10... Nxd5 {[%emt 0:17:58] White is better.} (10... exd5 11. Bxb4) 11. cxd5 (11. Bxh7+ Kh8 $14) 11... Bxd2 12. dxe6 (12. Qxd2 $6 exd5 13. Rac1 c6 $11) (12. Bxh7+ $6 Kh8 $14) 12... Rxe6 {[%emt 0:06:50] Hoping for ...Bxf3.} 13. Nxd2 (13. Bxh7+ $6 Kh8 $14) 13... Nf6 14. Be2 Rc8 15. Bf3 Ba6 {[%emt 0:01:58] [#]} (15... Bxf3 $16 16. Nxf3 (16. gxf3 Nd5 $11) 16... c5) 16. Rfd1 $1 $18 c5 17. d5 ({Much less strong is} 17. Qa4 $6 b5 18. Qb3 cxd4 $14) 17... Re5 (17... Nxd5 $2 18. Nc4 Bxc4 19. Qxc4 $18) 18. Qa4 Bd3 19. Nb1 ({But not} 19. Qxa7 $6 Ra8 20. Qb7 Re7 $11) (19. Rac1 $16) 19... Bxb1 ({Black should try} 19... Be4 $14) 20. Raxb1 $16 Rc7 21. Rd2 Qd6 22. Rbd1 g5 23. g3 g4 24. Bg2 ({And not} 24. Bxg4 Re4 25. Qc2 Rxg4 $17) 24... h5 25. Qf4 Kg7 26. b3 Rc8 27. Qc4 (27. f3 $18) 27... h4 28. b4 hxg3 (28... Ree8 $16) 29. hxg3 $18 Rg5 (29... Ree8 {might work better.} 30. bxc5 Rxc5) 30. Qf4 Re5 31. Rc2 Rce8 32. bxc5 bxc5 33. Rdc1 Qd7 34. Rxc5 Nxd5 $2 (34... Qf5 35. R5c4 Qxf4 36. gxf4 Rf5) 35. Qd4 {[%emt 0:00:53] Weighted Error Value: White=0.12 (very precise) /Black=0.35} 1-0

[Event "NSV chessemy IM 2022"]
[Site "Braunschweig"]
[Date "2022.08.05"]
[Round "7.1"]
[White "Voege, Tobias"]
[Black "Brynell, Stellan"]
[Result "1-0"]
[ECO "E13"]
[WhiteElo "2272"]
[BlackElo "2387"]
[Annotator "TA"]
[PlyCount "157"]
[EventDate "2022.07.30"]
[EventType "tourn"]
[EventCountry "GER"]
[SourceTitle "playchess.com"]
[Source "ChessBase"]
[SourceQuality "1"]
[TimeControl "40/5400+30:1800+30"]

1. d4 Nf6 2. c4 e6 3. Nc3 Bb4 4. Nf3 b6 5. Bg5 h6 6. Bh4 g5 7. Bg3 Ne4 8. Qc2 Bb7 9. e3 Bxc3+ 10. bxc3 Nxg3 11. fxg3 g4 12. Nh4 {[%emt 0:08:20] E13: Queen's Indian/Nimzo-Indian hybrid: 4 Nc3 Bb7 5 Bg5 h6 6 Bh4 Bb4.} Nc6 13. Bd3 Qf6 14. Qe2 {[%emt 0:08:43] The position is equal.} h5 15. Rf1 {[%emt 0:08:09] [#]} Qg5 $146 ({Predecessor:} 15... Qg7 16. Kf2 Rh6 17. Kg1 Rf6 18. Rfb1 Kf8 19. Rb5 Rh6 20. Rf1 Ba6 21. Rbb1 Re8 {0-1 (52) Rombaldoni,D (2493)-Marin,M (2597) Bratto 2010}) 16. Rb1 d6 17. Kf2 Rh6 18. Kg1 {[%emt 0:01:06] Active counter play!} Rf6 19. Rf4 Ne7 20. a4 O-O-O 21. Rb5 c5 22. a5 (22. Qf2 $11 Rxf4 23. gxf4) 22... Kc7 ({Better is} 22... Rxf4 $1 $15 23. exf4 Qf6) 23. Rb1 Rb8 24. axb6+ (24. Qf2 $5 Ng8 25. Ra1 $14) 24... axb6 25. Qf2 Rxf4 26. gxf4 Qf6 27. g3 Nc6 28. Rd1 (28. Ng2 $14) 28... Ra8 $11 29. Qb2 Ba6 30. Qe2 Na5 31. e4 (31. Ng2 $11) 31... Bb7 ({Black should play} 31... cxd4 $15 32. c5 dxc5 33. Bxa6 dxc3) 32. e5 Qe7 (32... dxe5 $11 33. fxe5 Qe7) 33. f5 (33. d5 $1 $16) 33... Rd8 (33... cxd4 $14 34. cxd4 Rd8) 34. fxe6 $1 $16 fxe6 (34... Qxe6 $16 {might work better.} 35. exd6+ Rxd6) 35. Ng6 $1 $18 Qg5 36. Nf4 Bc8 37. exd6+ Rxd6 38. Qf2 (38. Rb1 $142) 38... Nc6 39. Be4 Bb7 (39... cxd4 $16 40. cxd4 Qa5) 40. Bxc6 Bxc6 41. Re1 cxd4 $2 (41... Kd7 42. d5 exd5) 42. cxd4 {[%emt 0:03:52] c5 is the strong threat.} (42. Nxe6+ Rxe6 43. Rxe6 (43. Qf7+ Bd7 $11) 43... dxc3 $16) 42... Kd7 (42... Bd7 $142 43. d5 Qf5) 43. c5 bxc5 44. dxc5 {[%emt 0:00:22][%mdl 64] Trapped Piece} Rd5 45. Qa2 (45. Nxe6 $142 Qg8 46. Qb2) 45... Qf6 46. Nxd5 Bxd5 {[%emt 0:00:22][%mdl 4096] Endgame KQR-KQB} 47. Qa4+ Ke7 48. Qa7+ (48. Rf1 $142 Qe5 49. Qa7+ Ke8 50. Qf7+ Kd8 51. Qf8+ (51. Rd1 Qe2 $18) 51... Kc7 52. Qe7+ Kc6 53. Qe8+ Kxc5 54. Qc8+ Kb4 55. Rb1+ Bb3 56. Qb7+ Kc5 57. Qxb3 Qd4+ 58. Kf1 Qc4+ 59. Qxc4+ Kxc4 60. Rd1) 48... Ke8 49. Qb8+ Kd7 {[%emt 0:00:18] ( -> ...Qd4+)} 50. Qd6+ (50. Rd1 Qc3 $16) 50... Kc8 51. Qa6+ Kd7 {[%emt 0:00:39] Strongly threatening ...Qd4+.} 52. Qb5+ (52. c6+ $142 Bxc6 53. Rd1+ Ke7 54. Qxc6) 52... Ke7 $2 (52... Kc8 53. Qa6+ Kd8 54. Qb6+ (54. Rd1 Qf3 $11) 54... Ke8 55. Qb5+ Kd8 56. Qb6+ (56. Rd1 Qf3 $11) 56... Ke8 57. Qb8+ Kd7 58. Qd6+ (58. Rd1 Qc3 $16) 58... Kc8 59. Qa6+) 53. Qd3 {[%emt 0:00:23] White threatens Qxd5 and mate.} Kd7 54. Rb1 {[%emt 0:00:47] Against Qb2} Qe5 55. Qh7+ Kd8 {[%emt 0:01:16] [#]} 56. Qd3 $2 ({Not} 56. Qf7 Bf3 57. Qf8+ Kd7 58. Qd6+ (58. c6+ Bxc6 59. Rd1+ Bd5 $16) 58... Qxd6 59. cxd6 Kxd6 $18) (56. Qh8+ $3 $18 Qxh8 57. Rb8+ Kc7 58. Rxh8) 56... Kc7 $2 (56... Kd7 $1 $11 57. c6+ Kd8) 57. Qd2 Qe4 (57... Kc6 $142 58. Qd3 Kc7 59. Qh7+ Kc8) 58. Qf4+ $1 Qxf4 59. gxf4 {[%emt 0:00:03] KR-KB} Kc6 60. Rc1 h4 61. Kf2 Be4 62. Ke3 Bd5 63. Kf2 {[%emt 0:01:27] Inhibits g3+.} (63. Kd4 $142 g3 64. hxg3 hxg3 65. Rc3) 63... Be4 $1 64. Rc3 Bd5 65. Rc2 {[%emt 0:00:35] Black must now prevent Rc1.} Bf3 $2 (65... Be4 66. Rc1 Bd5) 66. Ke3 Bd5 67. Kd4 g3 {[%emt 0:00:00] [#]} 68. hxg3 $1 hxg3 {[%emt 0:00:00] [#]} 69. Rc3 $1 g2 70. Rg3 Bf3 71. Ke5 $2 (71. Rg7 Kb5 72. Ke5 Bh5 73. Kxe6 Bf3 74. Kd6 Be4 75. Rg5 Kc4 76. c6) 71... Bd5 $1 $11 72. Kd4 $2 (72. Rg7 $11 Kxc5 73. Rg4) 72... Bf3 $1 73. Rg6 Kb5 74. Ke5 $2 (74. Rg5 {mates} Kc6 75. Rg7 Kb5 76. Ke5 Kxc5 77. Kxe6 Be4 78. Ke5 Bf3 79. f5) 74... Kxc5 75. Kxe6 Kd4 76. f5 {[%emt 0:00:33][%cal Bf4f5,Bf5f6][%mdl 32] Intending f6 and mate.} Bd5+ 77. Kd6 Be4 78. Rg4 {[%emt 0:00:10] Threatening mate with f6.} Ke3 $2 (78... g1=R $11 79. Rxg1 Bxf5) 79. f6 {[%emt 0:00:11] Weighted Error Value: White=0.46/Black=0.56} 1-0

[Event "NSV chessemy IM 2022"]
[Site "Braunschweig"]
[Date "2022.08.05"]
[Round "7.2"]
[White "Chennaoui, Yasin"]
[Black "von Mettenheim, Johannes"]
[Result "0-1"]
[ECO "C00"]
[WhiteElo "2127"]
[BlackElo "2253"]
[Annotator "TA"]
[PlyCount "188"]
[EventDate "2022.07.30"]
[EventType "tourn"]
[EventCountry "GER"]
[SourceTitle "playchess.com"]
[Source "ChessBase"]
[SourceQuality "1"]
[TimeControl "40/5400+30:1800+30"]

1. Nf3 Nf6 2. g3 e6 3. Bg2 d5 4. O-O Be7 5. d3 c5 6. Nbd2 Nc6 7. e4 b6 8. Re1 Bb7 9. c3 Qc7 10. Qe2 h6 11. a3 O-O {[%emt 0:03:37] C00: French: Unusual White 2nd moves.} 12. e5 (12. b4 $5) 12... Nd7 13. h4 b5 {[%emt 0:05:38] [#] The position is equal.} 14. h5 $146 (14. Nf1 $11 {is more appropriate.}) ({Predecessor:} 14. Nf1 a5 15. Bf4 b4 16. N1h2 Kh7 17. Ng4 Qd8 18. Qd2 Rg8 19. Bxh6 Qf8 20. Bg5 {1-0 (42) Hoyer,H (2078)-Dubreuil,R (1927) Belfort 2010}) 14... d4 (14... Rfb8 $15) 15. cxd4 $11 cxd4 16. Nb3 (16. Ne4 $142 $1) 16... Rfd8 17. Bf4 a5 18. Rac1 Qb6 19. g4 Rdc8 20. Nbd2 Qd8 (20... Nc5 $11 {keeps the balance.}) 21. Ne4 $16 b4 22. g5 (22. Nd6 $16 Bxd6 23. exd6) 22... hxg5 23. Nexg5 Ndxe5 $2 24. Nxe5 $18 ({Weaker is} 24. Nxe6 Nxf3+ 25. Bxf3 Qd7 $16) 24... Bxg5 $2 (24... Nxe5 25. Bxb7 Rxc1 26. Bxc1 Bxg5 27. Qxe5 Bf6) 25. Bxc6 $2 ({White must play} 25. Nxf7 $1 $18 Qe7 26. Nxg5) 25... Bxf4 $11 26. Bxb7 Rxc1 $17 {[%emt 0:01:01] Really sharp!} 27. Rxc1 Bxc1 28. Nxf7 {[%emt 0:01:01][%mdl 64] Decoy} Kxf7 29. Qf3+ Qf6 $1 30. Bxa8 Qxf3 ({But not} 30... Bxb2 $6 31. Qb7+ Kg8 32. axb4 $11) 31. Bxf3 bxa3 32. bxa3 Bxa3 {[%emt 0:00:07][%mdl 4096] Endgame KB-KB} 33. Kf1 Bb4 34. Bc6 Kf6 35. Ke2 Ke5 36. Kd1 Kf4 37. Ke2 Be7 38. Kd2 Bg5 39. Ke2 Ke5 40. Kd1 (40. Kf3 $142) 40... Bh4 (40... Kd6 $142 41. Be8 Kc5) 41. f3 Kd6 42. Be8 Kc5 43. Kc2 Kb4 44. f4 $1 Kc5 45. Bd7 Kd6 46. Bc8 Ke7 47. f5 {[%emt 0:00:26] [#]} e5 $1 48. Bb7 Kf6 49. Be4 Kg5 50. Kb3 Kxh5 51. Ka4 Be1 52. Kb5 Kg5 53. Ka4 Bb4 54. Kb5 Kf4 55. Kc4 Be7 {[%emt 0:00:39] Hoping for ...a4.} 56. Kb5 Bd8 57. Ka4 Ke3 58. Kb5 Kd2 59. Kc4 Kc2 60. Bc6 $2 (60. Kb5 $17) 60... Bc7 $2 (60... Be7 $19 61. Bb5 Kd2) 61. Ba4+ $2 (61. Be4 $17) 61... Kd2 $19 62. Bc6 {[%emt 0:00:07] [#]} Bd8 $2 (62... Bd6 $1 $19 {[%cal Rd6f8] and Black stays clearly on top. And now ...Bf8 would win.} 63. Bb5 Ke3) 63. Be4 $1 $17 Kc2 $2 (63... Be7 $17 64. Kb5 Bb4) 64. Bc6 $1 $19 Be7 65. Ba4+ Kd2 66. Bc6 Ke3 67. Ba4 e4 {[%emt 0:08:04] Black mates.} 68. dxe4 Kxe4 69. Bc2+ Ke3 70. Bd1 d3 71. Kc3 Bf6+ 72. Kc4 d2 73. Bh5 Kf2 74. Kd3 Ke1 75. Kc2 a4 76. Bf3 a3 77. Kb3 d1=Q+ 78. Bxd1 Kxd1 79. Kxa3 {[%emt 0:00:00] KB-KP} Ke2 80. Kb4 Kd3 81. Kc5 Ke4 82. Kd6 Kxf5 83. Kd5 g5 84. Kc4 Ke4 85. Kc5 g4 86. Kd6 g3 87. Ke6 g2 88. Kxf6 g1=Q 89. Ke6 Qb6+ 90. Ke7 Ke5 91. Kf7 Qf6+ 92. Kg8 Qe7 93. Kh8 Kf6 94. Kg8 Qg7# {[%emt 0:01:15] What a bad dream for White.  Weighted Error Value: White=0.40/Black=0.42} 0-1

[Event "NSV chessemy IM 2022"]
[Site "Braunschweig"]
[Date "2022.08.05"]
[Round "7.3"]
[White "Fischer, Daniel"]
[Black "Colbow, Collin"]
[Result "1/2-1/2"]
[ECO "B35"]
[WhiteElo "2351"]
[BlackElo "2325"]
[Annotator "TA"]
[PlyCount "55"]
[EventDate "2022.07.30"]
[EventType "tourn"]
[EventCountry "GER"]
[SourceTitle "playchess.com"]
[Source "ChessBase"]
[SourceQuality "1"]
[TimeControl "40/5400+30:1800+30"]

1. e4 c5 2. Nf3 Nc6 3. d4 cxd4 4. Nxd4 g6 5. Nc3 Bg7 6. Be3 Nf6 7. Bc4 O-O 8. Bb3 Re8 {[%emt 0:00:12] B35: Sicilian: Accelerated Dragon with 5 Nc3: main line.} 9. h4 d5 10. Nxc6 (10. exd5 {seems wilder.} Na5 11. Qd2 Nxb3 12. Nxb3 e6 13. d6) 10... bxc6 {[%emt 0:00:11] The position is equal.} 11. exd5 cxd5 12. Nxd5 Nxd5 13. Qxd5 Qxd5 14. Bxd5 Bxb2 {[%emt 0:19:48] [#]} 15. Rb1 $146 ({Predecessor:} 15. Bxa8 Bxa1 16. O-O Bf6 17. Bd5 e6 18. Bb3 Bxh4 19. Bxa7 Bb7 20. Rd1 Bc6 21. Rd6 Ra8 22. Bd4 Be8 23. Bc4 Ra4 {½-½ (23) Cruzado Duenas,C (2563)-Windhausen,G (2545) ICCF email 2017}) 15... Bc3+ 16. Kf1 Rb8 17. Rxb8 ({Not} 17. Bxf7+ $2 Kxf7 18. Ke2 Bf5 $19) 17... Ba6+ {[%emt 0:00:07][%mdl 64] [#] Discovered Attack} 18. Kg1 Rxb8 19. Kh2 Rd8 20. Rd1 {[%emt 0:04:06][%cal Od5f7] Bxf7+! is the strong threat.} e6 21. Bf3 Rxd1 22. Bxd1 $11 {[%emt 0:00:04][%mdl 4096] Endgame KBB-KBB} Bc4 23. Bxa7 Bxa2 24. g3 e5 25. Kg2 f5 26. Kf3 Kf7 27. Ke3 Bc4 28. Bf3 {[%emt 0:03:26] An even fight not without its subleties.  Weighted Error Value: White=0.07 (flawless) /Black=0.04 (flawless)} 1/2-1/2

[Event "NSV chessemy IM 2022"]
[Site "Braunschweig"]
[Date "2022.08.05"]
[Round "7.4"]
[White "Sumets, Andrey"]
[Black "Knuedel, Torben"]
[Result "1/2-1/2"]
[ECO "E02"]
[WhiteElo "2542"]
[BlackElo "2210"]
[Annotator "TA"]
[PlyCount "84"]
[EventDate "2022.07.30"]
[EventType "tourn"]
[EventCountry "GER"]
[SourceTitle "playchess.com"]
[Source "ChessBase"]
[SourceQuality "1"]
[TimeControl "40/5400+30:1800+30"]

1. d4 Nf6 2. c4 e6 3. Nf3 d5 4. g3 Be7 5. Bg2 dxc4 6. Qa4+ Bd7 7. Qxc4 Bc6 8. O-O O-O 9. Nbd2 {[%emt 0:05:25] E02: Open Catalan: 5 Qa4+.} Na6 {[%emt 0:08:57] [#]} 10. Qc2 $146 ({Predecessor:} 10. a3 Bd5 11. Qd3 c5 12. e4 Bc6 13. Re1 Rc8 14. e5 Nd5 15. Ne4 h6 16. g4 {0-1 (27) Laznicka,V (2668)-Huschenbeth,N (2586) Germany 2018}) 10... Nb4 11. Qd1 {[%emt 0:02:54] White has an edge.} Bd5 12. a3 Na6 13. b4 Ne4 14. Qc2 Nxd2 15. Bxd2 {[%emt 0:00:25] [#] b5 is the strong threat.} f5 16. b5 $36 {[%emt 0:15:31][%mdl 2048] White is pushing.} Nb8 17. Ba5 b6 18. Bb4 c6 19. Bxe7 Qxe7 20. a4 Be4 21. Qc3 Nd7 22. bxc6 Rfc8 {[%emt 0:00:28] [#]} 23. c7 ({White should play} 23. Ne5 $1 $16) 23... Nf6 $11 24. Rfc1 Nd5 25. Qb2 Rxc7 26. Rxc7 Qxc7 27. Ne5 {[%emt 0:01:11] Hoping for Rc1.} Bxg2 28. Kxg2 Rc8 29. Nd3 Qb7 {[%emt 0:09:37] ( -> ...Nf4+)} 30. Kg1 h6 31. a5 Kh7 32. h4 f4 33. Nxf4 Nxf4 {[%emt 0:00:06] The position is equal.} 34. gxf4 $14 {[%emt 0:00:02][%mdl 4096] Endgame KQR-KQR} Qe4 35. axb6 axb6 36. e3 ({Reject} 36. Qxb6 Qxe2 37. Qb3 Rf8 $17) 36... Rc2 37. Qb1 Qg6+ 38. Kf1 Qe4 39. Kg1 {[%emt 0:00:25] Prevents Qh1+.} Qg6+ 40. Kf1 Qe4 41. Kg1 {[%emt 0:30:05] Against Qh1+} Qg6+ 42. Kf1 Qe4 {[%emt 0:00:00] Weighted Error Value: White=0.11 (very precise) /Black=0.07 (flawless)} 1/2-1/2

[Event "NSV chessemy IM 2022"]
[Site "Braunschweig"]
[Date "2022.08.05"]
[Round "7.5"]
[White "Sriram, Jha"]
[Black "Pubantz, Jan"]
[Result "1-0"]
[ECO "D02"]
[WhiteElo "2361"]
[BlackElo "2269"]
[Annotator "TA"]
[PlyCount "143"]
[EventDate "2022.07.30"]
[EventType "tourn"]
[EventCountry "GER"]
[SourceTitle "playchess.com"]
[Source "ChessBase"]
[SourceQuality "1"]
[TimeControl "40/5400+30:1800+30"]

1. Nf3 d5 2. g3 c6 3. Bg2 Bg4 4. O-O Nf6 5. d4 e6 6. h3 {[%emt 0:00:15] D02: 1 d4 d5 2 Nf3 sidelines, including 2...Nf6 3 g3 and 2...Nf6 3 Bf4.} Bh5 7. c4 Nbd7 8. cxd5 {[%emt 0:00:53] The position is equal.} exd5 9. Qb3 {[%emt 0:00:15] 9.Ne5 is more fashionable.} Qb6 10. Qe3+ Be7 11. Nh4 Bg6 {[%emt 0:23:29] Against Nf5} (11... Kf8 {with more complications.} 12. Nf5 Bd8 13. Nc3 h6) 12. Nxg6 hxg6 13. Nc3 Nf8 14. Na4 Qc7 {[%emt 0:00:43] [#]} 15. Bd2 $146 ({Predecessor:} 15. Nc5 a5 16. Bd2 N6d7 17. Nd3 Ne6 18. Nf4 Nxf4 19. Qxf4 Qxf4 20. Bxf4 Nf8 21. e4 dxe4 22. Bxe4 {½-½ (43) Tate,A (2306)-Blohberger,F (2459) Skopje 2019}) 15... Ne6 16. Rfc1 Kf8 17. b4 Qd7 18. Nc5 {[%emt 0:08:46] Prevents Ne4.} Nxc5 19. bxc5 Ne4 20. Bxe4 dxe4 21. Qxe4 Rd8 22. e3 Qxh3 23. Rab1 Rd7 24. Rb3 Rh5 (24... Kg8 $14) 25. Be1 (25. Rcb1 $1 $16) 25... Bd8 $11 26. Rcb1 Re7 27. Qg2 {[%emt 0:01:41] Qxh3 is the strong threat.} Qxg2+ (27... Qg4 $14) 28. Kxg2 $16 b6 29. cxb6 axb6 30. Rc1 Ra7 31. a3 c5 32. dxc5 bxc5 33. e4 Re5 34. Rc4 Ba5 ({Black should play} 34... Re8 $14) 35. f4 $18 Re8 36. Bf2 Rd7 37. Rxc5 Ra8 38. Rd5 $36 {[%emt 0:01:25][%mdl 2048] White has strong initiative.} Ke8 (38... Rxd5 $142 39. exd5 Ke8) 39. Re5+ Re7 (39... Kf8 $16 40. Kf3 Rc7 41. Bc5+ Kg8) 40. Rxe7+ Kxe7 {[%emt 0:00:03][%mdl 4096] Endgame KRB-KRB} 41. Rb7+ $1 Ke6 (41... Ke8 {keeps fighting.} 42. Bc5 Bd8) 42. Bc5 {[%emt 0:00:00] And now Re7+ would win.} Bd8 {[%emt 0:05:41] Against Re7+} 43. Kf3 Rc8 44. Bb4 Rc1 45. g4 Bc7 46. Ra7 Rc6 47. Ra8 Bd6 48. f5+ gxf5 49. gxf5+ ({Don't do} 49. exf5+ Kf6 $16) 49... Kf6 50. Bxd6 Rxd6 {[%emt 0:00:06] KR-KR} 51. Kf4 {[%emt 0:00:03] White threatens e5+ and mate.} g5+ 52. fxg6 $1 Kxg6 {[%emt 0:00:18] [#]} 53. Rg8+ $2 (53. a4 $1 $18 ) 53... Kh7 $11 54. Rg3 Ra6 55. Ke5 Re6+ 56. Kd5 {[%emt 0:00:11] Intending a4 and mate.} Ra6 57. Kc5 {[%emt 0:00:27] Hoping for Kb5.} Ra4 58. Re3 {[%emt 0:00:21] Black must now prevent Kb5.} Kg6 $2 {[%emt 0:00:26][%mdl 8192] [#]} (58... Ra8 $14) 59. Kb5 $1 $18 Rd4 (59... Ra8 $18 60. a4 Kg5) 60. a4 Rd1 61. a5 {[%emt 0:01:00] Threatening mate with Rb3.} Kf6 62. Ra3 Ke5 63. Ra4 Kd6 64. a6 Rb1+ 65. Kc4 Rc1+ 66. Kb5 $2 (66. Kd4 {mates} Rc8 67. e5+ Kd7 68. a7 Ra8 69. Ke4 Kc6 70. Kf5 Kd7 71. Kf6) 66... Rc5+ $2 (66... Rb1+ $11 67. Rb4 Rg1) 67. Kb6 {[%emt 0:00:15] White mates.} Rc6+ 68. Kb7 Rc7+ 69. Kb8 Re7 70. a7 Re8+ 71. Kb7 Kc5 72. a8=Q {[%emt 0:00:46] Weighted Error Value: White=0.15 (very precise) /Black=0.32} 1-0

[Event "NSV chessemy IM 2022"]
[Site "Braunschweig"]
[Date "2022.08.07"]
[Round "9.1"]
[White "Chennaoui, Yasin"]
[Black "Brynell, Stellan"]
[Result "0-1"]
[ECO "B25"]
[WhiteElo "2127"]
[BlackElo "2387"]
[Annotator "TA"]
[PlyCount "144"]
[EventDate "2022.07.30"]
[EventType "tourn"]
[EventCountry "GER"]
[SourceTitle "playchess.com"]
[Source "ChessBase"]
[SourceQuality "1"]
[TimeControl "40/5400+30:1800+30"]

1. e4 c5 2. Nc3 Nc6 3. g3 g6 4. Bg2 Bg7 5. d3 e6 6. f4 Nge7 7. Nf3 O-O 8. O-O d6 9. Be3 b6 10. d4 Ba6 11. Rf2 Qc7 12. Qd2 {[%emt 0:22:31] [#] B25: Closed Sicilian: 3 g3, lines without early Be3.} Rfd8 $146 (12... Rad8 $11) ({Predecessor:} 12... Rac8 13. Ne2 Na5 14. b3 cxd4 15. Nexd4 e5 16. f5 exd4 17. Nxd4 Qc3 18. Rd1 Qxd2 19. Rdxd2 Be5 {0-1 (29) Kneutgen,A (2205)-Wittmann,W (2380) Oberwart 1998}) 13. Bf1 (13. f5 $1 $14) 13... Bxf1 $11 14. Raxf1 {[%emt 0:00:01] The position is equal.} a6 15. Ne2 Rac8 16. c3 Qd7 17. Qd3 f5 18. exf5 Nxf5 19. Bd2 c4 ({Better is} 19... d5 $11) 20. Qc2 $14 ({Of course not} 20. Qxc4 Ncxd4 $1 21. Qd3 (21. Qxa6 Ra8 $15) 21... Nxf3+ 22. Qxf3 d5 $11) 20... Nce7 21. g4 Nh6 22. h3 Rf8 23. Ng3 Rce8 24. Ng5 Nf7 $1 25. Nxe6 Qxe6 26. f5 Qd5 27. f6 Bxf6 28. Rxf6 $16 Ng5 29. Bxg5 (29. Rxf8+ {is interesting.} Rxf8 30. Rxf8+ Kxf8 31. Bxg5 Qxg5 32. Ne4) 29... Qxg5 30. Rxf8+ ({Stronger than} 30. Rxd6 Nd5 31. Rxf8+ Rxf8 $17) 30... Rxf8 31. Rxf8+ Kxf8 {[%emt 0:00:05][%cal Bg8f8,Bf8e8,Be8d7,Bd7c6][%mdl 4128] Endgame [#] KQN-KQN} 32. Qf2+ (32. Ne4 $1 $16 Qe3+ 33. Qf2+ Qxf2+ 34. Kxf2) 32... Ke8 $1 $11 33. Ne4 Qc1+ 34. Kh2 Kd7 35. Nf6+ Kc6 $1 36. Nxh7 Nd5 37. Nf8 g5 38. Ng6 Qb1 39. Qf7 {[%emt 0:00:36][%mdl 8192] Black keeps a firm grip on the game.} (39. Nf8 $11) 39... Qxb2+ $19 40. Kh1 Qb1+ 41. Kh2 Qc2+ 42. Kg1 Qd1+ 43. Kf2 Qd2+ 44. Kg1 Qe1+ 45. Kh2 {[%emt 0:00:00][%cal Og6e5] [#]} Qe2+ 46. Kg1 Nxc3 47. a4 Qe3+ 48. Kh2 {[%emt 0:00:00] Hoping for Ne7+.} Qxd4 49. Ne7+ Kc5 {[%emt 0:00:09] ...Qd2+ is the strong threat.} 50. Nf5 Qe5+ (50... Qf2+ $142 51. Kh1 Ne4 52. Qc7+ Kb4) 51. Kg1 Nd5 {[%emt 0:01:43] ( -> ...Qe1+)} 52. Qa7 Qe1+ 53. Kh2 Qe2+ 54. Kg1 Qe1+ 55. Kh2 Qe2+ 56. Kg1 c3 57. Qb8 Qe1+ 58. Kh2 Qe2+ 59. Kg1 Qe6 {[%emt 0:00:25] Black mates.} 60. Qh8 Qe1+ 61. Kh2 Qe5+ 62. Qxe5 dxe5 {[%emt 0:00:04] KN-KN} 63. Ng3 c2 64. Ne2 Nf4 65. Nc1 Kc4 66. h4 gxh4 67. g5 Kc3 68. a5 bxa5 69. Ne2+ Nxe2 70. g6 c1=Q 71. g7 Qg1+ 72. Kh3 Qg3# {[%emt 0:00:05] Weighted Error Value: White=0.78/Black=0.22 (precise)} 0-1

[Event "NSV chessemy IM 2022"]
[Site "Braunschweig"]
[Date "2022.08.07"]
[Round "9.2"]
[White "Fischer, Daniel"]
[Black "Voege, Tobias"]
[Result "1/2-1/2"]
[ECO "C12"]
[WhiteElo "2351"]
[BlackElo "2272"]
[Annotator "RC"]
[PlyCount "120"]
[EventDate "2022.07.30"]
[EventType "tourn"]
[EventCountry "GER"]
[SourceTitle "playchess.com"]
[Source "ChessBase"]
[SourceQuality "1"]
[TimeControl "40/5400+30:1800+30"]

1. e4 e6 2. d4 d5 3. Nc3 Nf6 4. Bg5 h6 5. Bxf6 Qxf6 6. exd5 Bb4 7. Bb5+ Bd7 8. Bxd7+ Nxd7 9. dxe6 Qxe6+ 10. Nge2 O-O 11. O-O Rfd8 12. Nf4 Qf5 13. Nfd5 Bd6 14. Ne3 Qg6 15. Nb5 Nb6 16. Nxd6 Rxd6 17. Qf3 Rxd4 18. Qxb7 c5 19. Qc7 Nd5 20. Nxd5 Rxd5 21. c4 Rd2 22. Qb7 Re8 23. Qxa7 Rxb2 24. Qxc5 Qa6 25. a4 Rc8 26. Qe5 Rb4 27. Rfc1 Rxa4 28. Rxa4 Qxa4 29. Qf4 Qb4 30. g3 Qc5 31. Kg2 Qc6+ 32. Qf3 Qd6 33. Qe4 g6 34. Rc3 Qb4 35. Rc2 h5 36. h4 Qa4 37. Rc1 Rc5 38. Rc3 Rc8 39. Qd5 Qb4 40. Rc1 Qb3 41. Qd4 Qb4 42. Rc3 Qa4 43. Kh2 Qb4 44. Re3 Kh7 45. Re4 Qb7 46. Qe3 Qc6 47. Qf4 Kg8 48. Qe5 Qb6 49. Rf4 Qa7 50. Qd5 Qe7 51. Re4 Qc7 52. Kg2 Rd8 53. Qb5 Kh7 54. c5 Rd5 55. Rc4 Rf5 56. Rc2 Qc8 57. Qb6 Qe8 58. Qb7 Qa4 59. Qb2 Qc6+ 60. Kh2 Rxc5 1/2-1/2